 Dungeon Crawl Stone Soup version 0.31-a0-1005-gfbdfbacc72 (webtiles) character file.

Game seed: 5827567613342901226

584 night the Ruffian (level 7, 0/46 HPs)
             Began as an Octopode Shapeshifter on Nov 8, 2023.
             Was a Believer of Fedhas.
             Slain by Pikel
             ... wielding a +0 whip of flaming
              (1 damage)
             ... on level 4 of the Dungeon on Nov 10, 2023.
             The game lasted 00:06:07 (3172 turns).

night the Ruffian (Octopode Shapeshifter)           Turns: 3172, Time: 00:06:08

Health: 0/46       AC:  1    Str: 16    XL:     7   Next: 37%
Magic:  18/18      EV: 18    Int: 12    God:    Fedhas [**....]
Gold:   141        SH:  0    Dex: 11    Spells: 6/6 levels left

rFire   . .          .
                       - Unarmed
rCold   . . .        (no shield)
rNeg    . . .        n - melded +0 hat
rPois   .            (no amulet)
rElec   .            j - ring of magical power
rCorr   .            o - +5 ring of evasion
SInv    .            (no ring)
Will    .....        (no ring)
Stlth   +++          (no ring)
HPRegen 0.27/turn    (no ring)
MPRegen 0.16/turn    (no ring)
                     (no ring)

%: no passive effects
@: beast-form
A: beast (slay +2), almost no armour, amphibious, 8 rings, camouflage 1,
gelatinous body 1, (nimble swimmer 1), tentacles
a: Begin Untransformation, Renounce Religion, Wall of Briars


You were on level 4 of the Dungeon.
You worshipped Fedhas.
Fedhas was pleased with you.
You were a hulking beast.
You visited 1 branch of the dungeon, and saw 4 of its levels.

You collected 141 gold pieces.

Inventory:

Missiles
 e - 25 stones
Armour
 n - a +0 hat (melded)
Jewellery
 j - a ring of magical power (left tentacle)
 o - a +5 ring of evasion (right tentacle)
Talismans
 b - a beast talisman (active)
 c - a flux talisman
Wands
 g - a wand of charming (7)
Scrolls
 d - 8 scrolls of identify {unknown}
 h - a scroll of silence {unknown}
 i - a scroll of revelation {unknown}
 m - a scroll of torment {unknown}
Potions
 a - a potion of lignification
 f - a potion of heal wounds {unknown}
 k - a potion of invisibility {unknown}
 l - 2 potions of curing {unknown}


   Skills:
 + Level 3.1 Fighting
 - Level 2.0 Dodging
 + Level 4.2 Stealth
 * Level 5.4 Unarmed Combat
 + Level 2.7 Invocations
 + Level 4.0 Shapeshifting


You had 6 spell levels left.
You didn't know any spells.
Your spell library contained the following spells:

 Spells                   Type           Power      Damage    Failure   Level
 Gell's Gravitas          Tloc           0%         N/A       69%         3
 Teleport Other           Tloc           0%         N/A       69%         3
 Dispersal                Tloc           0%         N/A       100%        6


Dungeon Overview and Level Annotations

Branches:
Dungeon (4/15)             Temple (0/1) D:4

Altars:
Fedhas
Ru
Yredelemnul

Annotations:
D:4 Pikel


Innate Abilities, Weirdness & Mutations

You are a hulking beast.
Your limbs bulge with bestial killing power. (Slay +2)
You cannot wear most types of armour.
You are amphibious.
You can wear up to eight rings at the same time.
Your skin changes colour to match your surroundings (Stealth+).
Your rubbery body absorbs attacks. (AC +1, EV +1)
((You are camouflaged when in or above water. (Stealth+)))
You have tentacles for arms and can constrict up to eight enemies at once.


Message History

A lemure comes into view.
The lemure shouts!
Found 15 gold pieces.
You tentacle-slap Pikel but do no damage.
Your grab misses Pikel. You tentacle-slap Pikel. You grab Pikel.
Pikel is lightly wounded.
You constrict Pikel.
Pikel hits you with a +0 whip of flaming!
Pikel burns you.
You tentacle-slap Pikel. Your squeeze misses Pikel.
Pikel is lightly wounded.
You constrict Pikel.
Pikel hits you with a +0 whip of flaming.
Pikel burns you.
You tentacle-slap Pikel. Your squeeze misses Pikel.
Pikel is moderately wounded.
You constrict Pikel. Pikel barely misses you.
You tentacle-slap Pikel.
Pikel is moderately wounded.
You constrict Pikel.
Pikel hits you with a +0 whip of flaming.
Pikel burns you.
You tentacle-slap Pikel. You squeeze Pikel, but do no damage.
Pikel is heavily wounded.
You constrict Pikel.
Pikel says, "You'll feel the lick of my whip!"
Pikel hits you with a +0 whip of flaming!
* * * LOW HITPOINT WARNING * * *
Pikel burns you.
* * * LOW HITPOINT WARNING * * *
You tentacle-slap Pikel.
Pikel is severely wounded.
You constrict Pikel, but do no damage.
Pikel hits you with a +0 whip of flaming!
* * * LOW HITPOINT WARNING * * *
Pikel burns you.
You die...
Pikel says, "See you in Hell!"
Fedhas appreciates your contribution to the ecosystem.

...#...#..)###.###...##
#.#
#.....#....###..##.##.
#.. #.>.#####..##.##..
B. ...
.....#......).##.. ##.
### ..#.5.#.....####..
. ##....###.#
#.#....5### #.....#K#
#..####h# #.... #.#
##.. #.# ##. #.# # #.#
#$# #.# #.#


You could see Pikel and a lemure.

Vanquished Creatures
  Grinder (D:4)
  Menkaure (D:4)
  A lemure (D:4)
  A scorpion (D:4)
  Blork the orc (D:4)
  A howler monkey (D:4)
  5 adders
  A dart slug (D:3)
  5 bats
  8 endoplasms
  7 giant cockroaches
  5 goblins
  4 hobgoblins
  7 jackals
  4 quokkas
  4 ball pythons
  5 frilled lizards
  4 kobolds
  6 rats
71 creatures vanquished.

Notes
Turn   | Place    | Note
-------+----------+-------------------------------------------
     0 | D:1      | night the Octopode Shapeshifter began the quest for the
                  | Orb.
     0 | D:1      | Reached XP level 1. HP: 13/13 MP: 1/1
   266 | D:1      | Reached XP level 2. HP: 11/18 MP: 2/2
   417 | D:1      | Reached skill level 1 in Stealth
   847 | D:2      | Reached XP level 3. HP: 21/23 MP: 3/3
  1008 | D:2      | Found a faded altar of an unknown god.
  1015 | D:2      | Prayed at the altar of an unknown god.
  1015 | D:2      | Became a worshipper of Fedhas Madash
  1015 | D:2      | Reached * piety under Fedhas
  1546 | D:2      | Reached skill level 2 in Stealth
  1546 | D:2      | Reached XP level 4. HP: 29/29 MP: 4/4
  1882 | D:3      | Found a basalt altar of Yredelemnul.
  2126 | D:3      | Upgraded the game from 0.31-a0-1001-g770356a28f to
                  | 0.31-a0-1005-gfbdfbacc72
  2367 | D:3      | Found a sacrificial altar of Ru.
  2552 | D:3      | Reached skill level 4 in Unarmed Combat
  2555 | D:3      | Reached ** piety under Fedhas
  2872 | D:4      | Reached skill level 2 in Fighting
  2872 | D:4      | Reached skill level 1 in Invocations
  2875 | D:4      | Noticed Blork the orc
  2884 | D:4      | Killed Blork the orc
  2885 | D:4      | Reached XP level 5. HP: 14/34 MP: 6/6
  2899 | D:4      | Noticed Menkaure
  2903 | D:4      | HP: 1/34 [Menkaure (15)]
  2904 | D:4      | Killed Menkaure
  2905 | D:4      | Reached XP level 6. HP: 2/41 MP: 7/7
  3078 | D:4      | Reached skill level 2 in Invocations
  3118 | D:4      | Reached skill level 5 in Unarmed Combat
  3135 | D:4      | Found a staircase to the Ecumenical Temple.
  3135 | D:4      | Noticed Grinder
  3146 | D:4      | Killed Grinder
  3147 | D:4      | Reached XP level 7. HP: 45/46 MP: 9/9
  3156 | D:4      | Noticed Pikel
  3172 | D:4      | HP: 1/46 [Pikel/+0 whip of flaming (7)]
  3172 | D:4      | Slain by Pikel

Illustrated notes

Levels and vault maps discovered:
D:1:      lightli_arrival_noodles, layout_basic
D:2:      layout_loops_corners, dreamdust_ecumenical_altar_hidden_monk_grotto,
          minmay_pentomino_x4
D:3:      layout_loops_corners, nicolae_ru_the_path_less_chosen,
          nicolae_overflow_hidden_temple
D:4:      layout_loops_ring, tgw_sif, minmay_temple_entry_arrows,
          uniq_blork_the_orc, uniq_pikel, uniq_grinder, uniq_menkaure

Skill      XL: |  1  2  3  4  5  6 |
---------------+-------------------+-----
Stealth        | 1 2 3 4 |  4.2
Unarmed Combat | 4 5 |  5.4
Fighting       | 2 3 |  3.1
Invocations    | 1 2 |  2.7
Shapeshifting  | 4 |  4.0
Dodging        | |  2.0

Action                     |  1- 3 |  4- 6 |  7- 9 || total
---------------------------+-------+-------+-------++-------
  Melee: Unarmed           |    71 |    68 |    10 ||   149
         Constrict         |    14 |    14 |     2 ||    30
         Tentacles         |    11 |    17 |     2 ||    30
         Punch             |     2 |     1 |     1 ||     4
Ability: Begin Untransform |       |     1 |       ||     1
    Use: Scroll            |     3 |       |       ||     3
   Stab: Sleeping          |     6 |     4 |       ||    10
         Distracted        |     1 |       |       ||     1
 Armour: Skin              |    17 |    18 |     6 ||    41
  Dodge: Dodged            |    38 |    34 |     2 ||    74
   Form: Beast             |       |     1 |       ||     1

Table legend: (Time is in decaauts)
 A = Elapsed time spent in this place.
 B = Non-inter-level travel time spent in this place.
 C = Inter-level travel time spent in this place.
 D = Time resting spent in this place.
 E = Time spent auto-exploring this place.
 F = Levels seen in this place.
 G = Mean time per level.
                   A        B        C        D        E       F      G
               +--------+--------+--------+--------+--------+-----+--------+
         Total |   3164 |   3033 |    131 |    128 |   2410 |   4 |  791.0 |
       Dungeon |   3164 |   3033 |    131 |    128 |   2410 |   4 |  791.0 |
               +--------+--------+--------+--------+--------+-----+--------+

Top non-repeatable levels by time:
     D:3: 1202 daAuts
     D:2: 912 daAuts
     D:1: 720 daAuts
     D:4: 329 daAuts
